 Dungeon Crawl Stone Soup version 0.20-a0-369-g71b9d6e (webtiles) character file.

3089 Ijustatesigmund the Cleaver (level 9, -5/109 HPs)
             Began as a Hill Orc Monk on Dec 27, 2016.
             Was a Priest of Okawaru.
             Slain by a porcupine (13 damage)
             ... on level 8 of the Dungeon.
             The game lasted 00:19:14 (7547 turns).

Ijustatesigmund the Cleaver (Hill Orc Monk)         Turns: 7547, Time: 00:19:15

Health: -5/109     AC:  6    Str: 23    XL:     9   Next: 89%
Magic:  14/14      EV: 13    Int: 10    God:    Okawaru [***...]
Gold:   262        SH:  0    Dex: 18    Spells: 8/8 levels left

rFire  . . .     SeeInvis .     j - +0 war axe
rCold  . . .     Gourm    .     p - +2 leather armour of Serendipity {rPois Dex+3}
rNeg   . . .     Faith    .     (no shield)
rPois  +         Spirit   .     (no helmet)
rElec  .         Reflect  .     (no cloak)
rCorr  .         Harm     .     h - +0 pair of gloves {Str+3}
MR     .....     Clarity  +     o - +2 pair of boots
Stlth  ..........               (no amulet)
                                (no ring)
                                (no ring)

@: berserking, corroded, very quick
A: clarity, frail 1, subdued magic 1
a: Heroism, Renounce Religion


You were on level 8 of the Dungeon.
You worshipped Okawaru.
Okawaru was most pleased with you.
You were not hungry.

You visited 1 branch of the dungeon, and saw 8 of its levels.
You also visited: Sewer.

You collected 262 gold pieces.

Inventory:

Hand Weapons
 a - a +1 hand axe
 j - a +0 war axe (weapon)
Armour
 h - a +0 pair of gloves of strength (worn)
 o - a +2 pair of boots (worn)
 p - the +2 leather armour of Serendipity (worn) {rPois Dex+3}
   (You found it on level 6 of the Dungeon)

   It affects your dexterity (+3).
   It protects you from poison.
 s - a +1 ring mail of poison resistance
 F - a +0 shield
Wands
 g - a wand of slowing (19/48)
 i - a wand of flame (25/48)
 y - a wand of random effects (21/48)
 A - a wand of enslavement (16/24)
Scrolls
 r - a scroll of magic mapping
 w - a scroll of teleportation
 x - a scroll of identify
 z - a scroll of amnesia
 E - a scroll of remove curse
Potions
 b - a potion of cure mutation
 e - a potion of magic
 k - 4 potions of flight
 l - a potion of berserk rage
 m - a potion of might {unknown}
 n - a potion of haste {unknown}
 q - 4 potions of mutation
 u - a potion of curing {unknown}
 v - a potion of brilliance {unknown}
 B - a potion of resistance {unknown}
 C - a potion of agility {unknown}
 D - a potion of lignification {unknown}
Books
 t - a book of Misfortune

   Spells                             Type                      Level
   a - Confusing Touch                Hexes                        1
   b - Confuse                        Hexes                        3
   c - Gell's Gravitas                Hexes/Translocation          3
   d - Petrify                        Transmutation/Earth          4
   e - Metabolic Englaciation         Hexes/Ice                    5
   f - Yara's Violent Unravelling     Hexes/Transmutation          5
Comestibles
 c - 4 bread rations
 d - 4 meat rations


   Skills:
 - Level 8.7 Fighting
 - Level 11.8 Axes
 + Level 5.9 Armour
 - Level 2.4 Dodging
 - Level 1.5 Stealth
 + Level 7.0 Invocations


You had 8 spell levels left.
You didn't know any spells.

Dungeon Overview and Level Annotations

Branches:
Dungeon (8/15)             Temple (0/1) D:6
   Lair: D:8-11

Altars:
Cheibriados
Elyvilon
Fedhas
Gozag
Okawaru
Qazlal
Ru
Sif Muna
Trog
Uskayaw
Vehumet
Yredelemnul
The Shining One


Innate Abilities, Weirdness & Mutations

You possess an exceptional clarity of mind.
You are frail. (-10% HP)
Your spells are a little easier to cast, but a little less powerful.


Message History

The bullfrog hits the fungus.
The fungus is destroyed!
The porcupine bites you!
* * * LOW HITPOINT WARNING * * *
The yak gores the fungus!
It was a potion of berserk rage.
A red film seems to cover your vision as you go berserk!
You feel yourself moving faster!
You feel mighty! The porcupine closely misses you.
The yak gores the fungus.
An orc warrior comes into view. It is wielding a dire flail.
You are struck by the porcupine's spines.
* * * LOW HITPOINT WARNING * * *
You closely miss the porcupine.
The porcupine is severely wounded.
The orc warrior shouts!
The porcupine barely misses you.
You closely miss the porcupine.
The porcupine is severely wounded.
The porcupine bites you!
You die...

#.......##.###.#.#
$...
#.......##.###.#.#
.....
##....#.##.......#
.....
####.#..##.....
#.#.........
..#........#
.#####........#
P.............+
P..PP##@#.....#
PPP..P†.r.....#
P.PP....P.....#
.PPF.......####
P..PP.PP...#
P..P..P.P..#


oPPPPPP...(# .PYPPPP...## You could see a yak, an orc warrior, a bullfrog and a
porcupine.

Vanquished Creatures
  A troll (D:7)
  The ghost of Ijustatesigmund the Chopper, an amateur HOMo (D:5)
  Eustachio (D:6)
  Duvessa (D:5)
  An orc warrior (D:5)
  A porcupine (D:8)
  A water moccasin (D:7)
  4 ogres
  2 sky beasts
  A centaur (D:5)
  2 bullfrogs
  A wyvern zombie (D:7)
  Blork the orc (D:5)
  Dowan (D:5)
  3 scorpions
  4 killer bees (D:6)
  2 howler monkeys
  A centaur zombie (D:6)
  A bullfrog zombie (D:5)
  A quasit (D:7)
  4 hounds
  A jelly (D:8)
  A centaur skeleton (D:5)
  4 orc wizards (D:5)
  Jessica (D:3)
  2 iguanas
  2 worker ants
  A hound skeleton (D:6)
  10 adders
  2 howler monkey skeletons (D:4)
  2 shadow imps
  2 oozes
  6 worms
  2 leopard geckos
  10 orcs
  3 ball pythons
  5 giant cockroaches
  9 goblins
  9 hobgoblins
  13 jackals
  14 kobolds
  4 quokkas
  13 bats
  8 frilled lizards
  A leopard gecko skeleton (D:4)
  13 rats
173 creatures vanquished.

Vanquished Creatures (others)
  A fungus (D:8)
1 creature vanquished.

Grand Total: 174 creatures vanquished

Notes
Turn   | Place    | Note
-------+----------+-------------------------------------------
     0 | D:1      | Ijustatesigmund the Hill Orc Monk began the quest for the Orb.
     0 | D:1      | Reached XP level 1. HP: 19/19 MP: 1/1
    99 | D:1      | Reached XP level 2. HP: 24/27 MP: 2/2
   519 | D:1      | Reached skill level 5 in Axes
   634 | D:1      | Reached XP level 3. HP: 33/33 MP: 3/3
  1291 | D:2      | Reached XP level 4. HP: 39/40 MP: 4/4
  1702 | D:2      | Reached skill level 6 in Axes
  2011 | D:3      | Reached XP level 5. HP: 41/47 MP: 5/5
  2214 | D:3      | Found a faded altar of an unknown god.
  2248 | D:3      | Noticed a sky beast
  2268 | D:3      | Killed a sky beast
  2268 | D:3      | Reached skill level 5 in Fighting
  2268 | D:3      | Reached skill level 7 in Axes
  2268 | D:3      | Reached XP level 6. HP: 30/56 MP: 6/6
  2745 | D:3      | Noticed Jessica
  2753 | D:3      | Killed Jessica
  2825 | D:4      | Reached skill level 8 in Axes
  3185 | D:4      | Reached XP level 7. HP: 41/62 MP: 7/7
  3189 | D:4      | Reached skill level 9 in Axes
  3562 | D:5      | Entered Level 5 of the Dungeon
  3939 | D:5      | Found a hide-covered altar of Uskayaw.
  3953 | D:5      | Found a white marble altar of Elyvilon.
  4007 | D:5      | Noticed Ijustatesigmund's ghost (amateur HOMo)
  4055 | D:5      | Noticed Blork the orc
  4069 | D:6      | Got a translucent leather armour
  4080 | D:6      | Identified the +2 leather armour of Serendipity {rPois Dex+3} (You found it on level 6 of the Dungeon)
  4091 | D:6      | Found a bloodstained altar of Trog.
  4093 | D:6      | Noticed Eustachio
  4150 | D:6      | Reached skill level 10 in Axes
  4305 | D:6      | Reached XP level 8. HP: 48/73 MP: 8/8
  4338 | D:6      | Found an opulent altar of Gozag.
  4536 | D:6      | Found a glowing drain.
  4540 | Sewer    | Entered a sewer
  4684 | Sewer    | Noticed Purgy
  4997 | D:5      | Killed Blork the orc
  5127 | D:5      | Killed Ijustatesigmund's ghost
  5127 | D:5      | Reached skill level 11 in Axes
  5213 | D:5      | Found a blossoming altar of Fedhas.
  5315 | D:5      | Found a deep blue altar of Sif Muna.
  5349 | D:5      | Noticed Duvessa
  5350 | D:5      | Noticed Dowan
  5359 | D:5      | Killed Duvessa
  5368 | D:5      | Killed Dowan
  5554 | D:5      | Found a snail-covered altar of Cheibriados.
  5676 | D:5      | Found a stormy altar of Qazlal.
  5680 | D:5      | Found a basalt altar of Yredelemnul.
  5682 | D:5      | Found an iron altar of Okawaru.
  5701 | D:5      | Found a glowing golden altar of the Shining One.
  5715 | D:5      | Became a worshipper of Warmaster Okawaru
  5715 | D:5      | Reached * piety under Okawaru
  5715 | D:5      | Reached ** piety under Okawaru
  5759 | D:5      | Reached skill level 1 in Armour
  5759 | D:5      | Reached skill level 1 in Invocations
  5759 | D:5      | Reached XP level 9. HP: 55/82 MP: 8/10
  6086 | D:6      | Found a staircase to the Ecumenical Temple.
  6269 | D:6      | Killed Eustachio
  6829 | D:7      | Reached skill level 5 in Invocations
  7041 | D:7      | Noticed a troll
  7042 | D:7      | Found a radiant altar of Vehumet.
  7056 | D:7      | Killed a troll
  7056 | D:7      | Reached skill level 5 in Armour
  7129 | D:7      | Reached *** piety under Okawaru
  7213 | D:7      | Found a sacrificial altar of Ru.
  7544 | D:8      | Gained mutation: You are frail. (-10% HP) [potion of mutation]
  7544 | D:8      | Gained mutation: You possess an exceptional clarity of mind. [potion of mutation]
  7544 | D:8      | Gained mutation: Your spells are a little easier to cast, but a little less powerful. [potion of mutation]
  7547 | D:8      | Slain by a porcupine

Vault maps used:
D:1:      dpeg_arrival_chambers_temple_mockup, kennysheep_nondescript
D:2:      minmay_cut_off
D:3:      chequers_ecumenical_altar_twisty, uniq_jessica
D:5:      lemuel_crystal_altar, minmay_overflow_temple_star_hex,
          kennysheep_mini_moat, kennysheep_mini, old_standard_altar,
          first_bread, uniq_blork_the_orc, uniq_duvessa
D:6:      gup_sewer_entry_spiral, basic_altar, trog_three_pillars_becter,
          uniq_eustachio
D:7:      hangedman_ru_absence, lemuel_crystal_altar
D:8:      due_lair_maze_entry_diamond, serial_shops, shop
Sewer:    kennysheep_door_sewer

Skill      XL: |  1  2  3  4  5  6  7  8  9 |
---------------+----------------------------+-----
Axes           | 5 6 7 8 10 11 | 11.8
Fighting       | 4 5 7 8 |  8.7
Armour         | 1 5 |  5.9
Invocations    | 1 7 |  7.0
Dodging        | |  2.4
Stealth        | |  1.5

Action                   |  1- 3 |  4- 6 |  7- 9 || total
-------------------------+-------+-------+-------++-------
Melee: Hand axe          |   135 |   220 |   309 ||   664
       War axe           |       |       |   209 ||   209
Invok: Heroism           |       |       |     1 ||     1
Evoke: Wand              |       |       |     5 ||     5
  Use: Scroll            |     2 |     3 |     8 ||    13
       Potion            |       |     3 |     2 ||     5
 Stab: Sleeping          |     2 |       |     4 ||     6
       Distracted        |     1 |       |       ||     1
  Eat: Chunk             |     1 |     7 |     9 ||    17
       Pizza             |       |       |     1 ||     1
       Fruit             |       |       |     5 ||     5
Armor: Robe              |     6 |       |       ||     6
       Ring mail         |    42 |    89 |    23 ||   154
       Leather armour    |       |       |   119 ||   119
Dodge: Dodged            |    97 |   101 |   290 ||   488
